 Dungeon Crawl Stone Soup version 0.17-a0-1731-g129c023 (webtiles) character file.

6285 kae the Severer (level 10, -2/115 HPs)
             Began as a Hill Orc Fighter on Aug 29, 2015.
             Was a Priest of Qazlal.
             Slain by Snorg (18 damage)
             ... on level 10 of the Dungeon.
             The game lasted 00:09:49 (8919 turns).

kae the Severer (Hill Orc Fighter)                  Turns: 8919, Time: 00:09:50

Health: -2/115     AC: 25    Str: 23    XL:     10   Next: 94%
Magic:  15/15      EV:  2    Int:  8    God:    Qazlal [***...]
Gold:   253        SH: 13    Dex: 10    Spells: 0 memorised, 9 levels left

rFire  . . .     SeeInvis .     a - +1 war axe
rCold  . . .     Clarity  .     (armour currently unavailable)
rNeg   + + +     SustAt   .     c - +0 shield
rPois  +         Gourm    .     (helmet currently unavailable)
rElec  .         Spirit   .     (cloak currently unavailable)
rCorr  .         Warding  .     (gloves currently unavailable)
rMut   .         NoTele   +     (boots currently unavailable)
MR     .....                    (no amulet)
Stlth  +.........               r - +2 ring of evasion
                                n - ring of poison resistance

@: tree-form, very slightly contaminated, hasted, very quick, not resistant to
hostile enchantments, very unstealthy
A: no striking features
a: Upheaval, Elemental Force, Renounce Religion


You were on level 10 of the Dungeon.
You worshipped Qazlal.
Qazlal was most pleased with you.
You were not hungry.
You were a tree.
You visited 1 branch of the dungeon, and saw 10 of its levels.

You collected 439 gold pieces.
You spent 186 gold pieces at shops.

Inventory:

Hand weapons
 a - a +1 war axe (weapon)
Missiles
 C - 2 throwing nets (quivered)
Armour
 c - a +0 shield (worn)
 i - a +1 pair of gloves (melded)
 p - a +0 cloak (melded)
 x - a +3 ring mail (melded)
Jewellery
 n - a ring of poison resistance (left branch)
 r - a +2 ring of evasion (right branch)
 H - a +1 ring of slaying {unknown}
Magical devices
 l - a wand of flame (7)
 E - a wand of random effects (16)
Scrolls
 j - a scroll of enchant weapon
 o - 4 scrolls of teleportation
 t - 5 scrolls of identify
 y - 2 scrolls of remove curse
 A - a scroll of random uselessness
 F - a scroll of amnesia
 K - a scroll of fear
Potions
 d - 2 potions of might
 g - a potion of lignification
 h - 5 potions of agility
 q - a potion of cancellation
 G - a potion of poison {unknown}
 I - a potion of berserk rage {unknown}
Books
 m - a book of Necromancy

   Spells                             Type                      Level
   a - Pain                           Necromancy                   1
   b - Animate Skeleton               Necromancy                   1
   c - Vampiric Draining              Necromancy                   3
   d - Regeneration                   Charms/Necromancy            3
   e - Animate Dead                   Necromancy                   4
   f - Control Undead                 Necromancy                   4
 v - the Disquisition on Combat Magic and the Volcanoes
   (You found it on level 9 of the Dungeon)

   Spells                             Type                      Level
   a - Flame Tongue                   Conjuration/Fire             1
   b - Throw Flame                    Conjuration/Fire             2
   c - Delayed Fireball               Conjuration/Fire             7
 z - a book of Clouds

   Spells                             Type                      Level
   a - Mephitic Cloud                 Conjuration/Poison/Air       3
   b - Conjure Flame                  Conjuration/Fire             3
   c - Poisonous Cloud                Conjuration/Poison/Air       6
   d - Freezing Cloud                 Conjuration/Ice/Air          6
   e - Ring of Flames                 Charms/Fire                  7
 B - a book of Hinderance

   Spells                             Type                      Level
   a - Confusing Touch                Hexes                        2
   b - Confuse                        Hexes                        3
   c - Gell's Gravitas                Hexes/Translocation          3
   d - Petrify                        Transmutation/Earth          4
   e - Metabolic Englaciation         Hexes/Ice                    5
 D - Entab's Handbook of Companions and Ice
   (You found it on level 7 of the Dungeon)

   Spells                             Type                      Level
   a - Summon Butterflies             Summoning                    1
   b - Call Imp                       Summoning                    2
   c - Call Canine Familiar           Summoning                    3
   d - Condensation Shield            Ice                          4
   e - Summon Ice Beast               Ice/Summoning                4
   f - Summon Mana Viper              Hexes/Summoning              5
Comestibles
 e - 7 bread rations
 f - 18 fruits
 k - 2 beef jerkies
 s - 2 royal jellies
 u - a slice of pizza
 w - 2 meat rations
 J - a chunk of flesh


   Skills:
 - Level 3.6 Fighting
 - Level 18.0 Axes
 - Level 3.2 Armour
 - Level 3.2 Shields
 + Level 7.8 Invocations


You had 9 spell levels left.
You didn't know any spells.

Dungeon Overview and Level Annotations

Branches:
Dungeon (10/15)            Temple (0/1) D:6             Orc (0/4) D:9
   Lair: D:8-11

Altars:
Dithmenos
Fedhas
Kikubaaqudgha
Nemelex Xobeh
Qazlal
Vehumet
Xom
Yredelemnul
The Shining One

Shops:
D:7 (   D:9 *

Annotations:
D:10 Snorg


Message History

Snorg closely misses you. Snorg claws you but does no damage.
You are very lightly contaminated with residual magic.
Snorg rages.
Snorg is engulfed in roaring flames.
Drink which item? (? for menu, Esc to quit)
You turn into a tree.
Your +0 cloak melds into your body.
Your +1 pair of gloves melds into your body.
Your +3 ring mail melds into your body.
Your roots penetrate the ground.
Snorg barely misses you. Snorg claws you!
* * * LOW HITPOINT WARNING * * *
You block Snorg's attack.
Unknown command.
You closely miss Snorg.
Snorg is heavily wounded.
Snorg bites you but does no damage. You block Snorg's attack.
Snorg completely misses you.
You hit Snorg.
Snorg is heavily wounded.
Snorg bites you!!
You die...

.......# .......#
..........
#####..#######..........
#...................
#####...................
.......#########........
.......# #........
.......# #.......(#
.......# #♣# #....#
.......# #T# #....#
.......#########.#
#....#
...(.....).......#
#....#
.................#
#....#
........#######..#
#....# ####....#
#..###....# #....#
#.........# #....#
#.........#


You could see Snorg (berserk).

Vanquished Creatures
  Joseph (D:7)
  Sigmund (D:3)
  A wyvern (D:8)
  A spriggan (D:8)
  The ghost of lauthentik the Ruffian, an average DrTm (D:4)
  3 hippogriffs
  Menkaure (D:7)
  6 orc warriors
  A phantom (D:4)
  5 sky beasts
  7 ogres
  8 centaurs
  3 giant frogs
  The ghost of Baka the Firebug, an average DEFE (D:3)
  A gnoll sergeant (D:8)
  A water moccasin zombie (D:10)
  4 scorpions
  3 killer bees (D:9)
  4 crimson imps
  4 wights
  4 hounds
  6 orc priests
  A gnoll shaman (D:5)
  A centaur zombie (D:8)
  2 jellies
  10 worker ants
  A giant frog skeleton (D:6)
  7 orc wizards
  2 iguanas (D:7)
  A hound skeleton (D:4)
  A hound zombie (D:7)
  A worker ant zombie (D:7)
  12 adders
  14 gnolls
  3 shadow imps
  2 oozes
  An adder skeleton (D:9)
  An adder zombie (D:5)
  3 worms
  5 giant geckos
  65 orcs
  5 bats
  4 giant cockroaches
  8 goblins
  11 hobgoblins
  10 jackals
  9 kobolds
  5 quokkas
  3 ball pythons
  9 giant newts
  2 goblin skeletons (D:5)
  A goblin zombie (D:5)
  2 kobold zombies (D:5)
  An orc skeleton (D:5)
  3 orc zombies (D:5)
  6 rats
  3 fungi (D:9)
  A plant (D:9)
283 creatures vanquished.

Notes
Turn   | Place    | Note
--------------------------------------------------------------
     0 | D:1      | kae the Hill Orc Fighter began the quest for the Orb.
     0 | D:1      | Reached XP level 1. HP: 19/19 MP: 1/1
   409 | D:1      | Reached XP level 2. HP: 23/26 MP: 2/2
   766 | D:2      | Reached skill level 4 in Axes
   810 | D:2      | Reached XP level 3. HP: 26/31 MP: 3/3
   924 | D:2      | Reached skill level 5 in Axes
  1168 | D:2      | Reached XP level 4. HP: 33/39 MP: 4/4
  1268 | D:3      | Noticed Baka's ghost (average DEFE)
  1275 | D:3      | Killed Baka's ghost
  1275 | D:3      | Reached skill level 6 in Axes
  1275 | D:3      | Reached XP level 5. HP: 45/45 MP: 5/5
  1309 | D:3      | Noticed Sigmund
  1333 | D:3      | Killed Sigmund
  1333 | D:3      | Reached skill level 8 in Axes
  1333 | D:3      | Reached XP level 6. HP: 35/51 MP: 6/6
  1509 | D:3      | Reached skill level 9 in Axes
  1571 | D:3      | Noticed a hippogriff
  1583 | D:3      | Killed a hippogriff
  1583 | D:3      | Reached XP level 7. HP: 25/57 MP: 7/7
  2315 | D:4      | Reached skill level 10 in Axes
  2792 | D:4      | Found a basalt altar of Yredelemnul.
  2814 | D:4      | Reached skill level 11 in Axes
  2973 | D:4      | Found a blossoming altar of Fedhas.
  2990 | D:4      | Noticed lauthentik's ghost (average DrTm)
  3015 | D:4      | Killed lauthentik's ghost
  3015 | D:4      | Reached XP level 8. HP: 34/64 MP: 8/8
  3165 | D:5      | Entered Level 5 of the Dungeon
  3190 | D:5      | Reached skill level 12 in Axes
  3279 | D:5      | Found a glowing golden altar of the Shining One.
  3909 | D:5      | Found an ancient bone altar of Kikubaaqudgha.
  3940 | D:5      | Reached skill level 13 in Axes
  4236 | D:6      | Found a stormy altar of Qazlal.
  4253 | D:6      | Became a worshipper of Qazlal Stormbringer
  4254 | D:6      | Found a staircase to the Ecumenical Temple.
  4336 | D:6      | Reached skill level 14 in Axes
  4336 | D:6      | Reached XP level 9. HP: 61/70 MP: 9/9
  4449 | D:6      | Found a shimmering altar of Xom.
  4715 | D:6      | Found a sparkling altar of Nemelex Xobeh.
  4727 | D:6      | Reached skill level 15 in Axes
  4880 | D:7      | Noticed Menkaure
  4889 | D:7      | Killed Menkaure
  5201 | D:7      | Noticed Joseph
  5217 | D:7      | Killed Joseph
  5217 | D:7      | Acquired Qazlal's first power
  5217 | D:7      | Reached skill level 16 in Axes
  5381 | D:7      | Reached XP level 10. HP: 57/77 MP: 10/10
  5718 | D:7      | Identified Entab's Handbook of Companions and Ice
  5749 | D:7      | Reached skill level 17 in Axes
  6013 | D:7      | Found Asaykee's Weapon Emporium.
  6582 | D:8      | Found a radiant altar of Vehumet.
  6800 | D:8      | Acquired Qazlal's second power
  7094 | D:9      | Found a blossoming altar of Fedhas.
  7314 | D:9      | Found a staircase to the Orcish Mines.
  7324 | D:9      | Reached skill level 18 in Axes
  7340 | D:9      | Reached skill level 1 in Invocations
  7500 | D:9      | Found a shadowy altar of Dithmenos.
  7530 | D:9      | Acquired Qazlal's third power
  7592 | D:9      | Reached skill level 5 in Invocations
  8123 | D:9      | Identified the Disquisition on Combat Magic and the Volcanoes
  8255 | D:9      | Found Ruja's Assorted Antiques.
  8263 | D:9      | Bought an onyx ring for 155 gold pieces
  8263 | D:9      | Bought a scroll labeled ASEOLO QATREGG for 31 gold pieces
  8507 | D:10     | Entered Level 10 of the Dungeon
  8887 | D:10     | Noticed Snorg
  8919 | D:10     | Slain by Snorg

Vault maps used:
D:1:      minmay_arrival_radiant_lines
D:2:      roderic_lattice_a
D:3:      corexii_shack_village, st_stairs_11, uniq_sigmund
D:4:      nicolae_overflow_hidden_temple, first_bread, minivault_19
D:5:      kennysheep_mini_moat, minmay_misc_feat_plants, eino_tiny_chamber,
          nicolae_tso_besieged_by_evil
D:6:      lemuel_crystal_altar, lemuel_round_altar, temple_fountains,
          hangedman_decor_diamond_cutter, nemelex_dance_club_becter
D:7:      serial_shops, shop_statue, uniq_menkaure, uniq_joseph
D:8:      nicolae_overflow_crystal_walls, the_bakery
D:9:      nicolae_dithmenos_shadow_blocks, hiddenorc2_lemuel, serial_shops,
          nicolae_shop_crystal, fedhas_altar_3
D:10:     uniq_snorg

Action                   |  1- 3 |  4- 6 |  7- 9 | 10-12 || total
-------------------------+-------+-------+-------+-------++-------
Melee: War axe           |    78 |    70 |   453 |   366 ||   967
  Use: Scroll            |       |       |    12 |     4 ||    16
       Potion            |       |       |       |     3 ||     3
  Eat: Chunk             |       |     2 |    13 |    10 ||    25
       Beef jerky        |       |       |       |     1 ||     1
